Workbook
Name 가: #REF!
Name 국외여비단가: #REF!
Name 나: #REF!
Name 다: #REF!
Name 등급: [1]출장지!$F$2:$F$37
Name 등급: #REF!
Name 라: #REF!
Name 숙박비: [1]출장지!$I$2:$I$37
Name 숙박비: #REF!
Name 식비: [1]출장지!$J$2:$J$37
Name 식비: #REF!
Name 일비: [1]출장지!$H$2:$H$37
Name 일비: #REF!
Name 직급: [1]출장지!$G$2:$G$37
Name 직급: #REF!

Sheet 목차
A1: 2026년도 교수학술활동지원 사업 청구서식 목차
A3: 서식 | B3: 서식명 | D3: 시트 번호
A4: 국제학술회의 참가경비 | B4: 서식 1-1 | C4: 국제학술회의 참가경비 지원신청서 | D4: 1
B5: 서식 1-2 | C5: 국제학술회의 참가 결과 보고서 | D5: 1
B6: 서식 1-3 | C6: 부실학회여부관련자가체크확인서 | D6: 1
A7: 우수학술지 논문게재료 | B7: 서식 2-1 | C7: 우수학술지 논문게재료 지원신청서 | D7: 2
B8: 서식 2-2 | C8: 논문투고학술지평가항목 | D8: 2
B9: 서식 2-3 | C9: 논문게재비용지원확인서 | D9: 2
A10: 예술계열 공연·전시 경비 | B10: 서식 3-1 | C10: 예술계열 공연전시 지원 신청서(음대) | D10: 3
B11: 서식 3-2 | C11: 예술계열 공연전시 지원 신청서(미대) | D11: 3
A12: 국제·국내(학제간) 학술회의 개최경비 | B12: 서식 4-1 | C12: 국제·국내(학제간)학술회의 개최경비 지원신청서 | D12: 4
B13: 서식 4-2 | C13: 국제·국내(학제간)학술회의 개최 계획서 | D13: 4
B14: 서식 4-3 | C14: 국제·국내(학제간)학술회의 참가(예정)자 명단 | D14: 4
B15: 서식 4-4 | C15: 국제·국내(학제간)학술회의 개최경비 사용계획서 | D15: 4
B16: 서식 4-5 | C16: 국제·국내(학제간)학술회의 개최 결과보고서 | D16: 5
B17: 서식 4-6 | C17: 국제·국내(학제간)학술회의 지원금 정산서 | D17: 5
A18: 외국인 저명학자 초청경비 | B18: 서식 5-1 | C18: 외국인 저명학자 초청경비 지원신청서 | D18: 6
B19: 서식 5-2 | C19: 외국인 저명학자 초청활용 계획서 | D19: 6
B20: 서식 5-3 | C20: 외국인 저명학자 초청활용 결과보고서 | D20: 7
B21: 서식 5-4 | C21: 외국인 저명학자 초청경비 지원금 정산서 | D21: 7
A22: 기타 활용서식 | B22: 서식 6-1 | C22: 회의비 집행내역 | D22: 8
B23: 서식 6-2 | C23: 전문가 활용 내역서 | D23: 9

Sheet 1
A1: [서식1-1] | B1: 국제학술회의 참가경비 지원신청서 | S1: [서식1-2] | T1: 국제학술회의 참가 결과 보고서 | AI1: [서식1-3] | AJ1: 부실학회 여부 관련 자가 체크 확인서
A2: [Form1-1] | B2: A Grant Application for Participation in International Conference | S2: [Form1-2] | T2: A Outcome Report on Participation in International Conference | AI2: 부실학회에 대한 개요 및 참석 재발 방지에 대한 조언으로, 연구자가 스스로 의사결정을 내릴 수 있는 판단 근거를 아래와 같이 제공함
A3: 학술 회의 Conference | C3: 회 의 명 Conference Name | S3: 학술 회의 Conference | U3: 회 의 명 Conference Name | W3: =IF($F$3="","",$F$3)
C4: 주관기관 Lead Agency | U4: 회의기간 Conference Period | W4: =IF($F$5="","",$F$5) -> 46125 | AC4: ~ | AD4: =IF($N$5="","",$N$5) -> 46127 | AI4: 연번 | AJ4: 질문 | AK4: 주의사항
C5: 회의기간 Conference Period | F5: 46125 | M5: ~ | N5: 46127 | U5: 여행기간 Trip Period | W5: 출국일자: Departure Date | Y5: =IF($I$6="","",$I$6) -> 46124 | AC5: ~ | AD5: 귀국일자: Rerutn Date | AF5: =IF($P$6="","",$P$6) -> 46128 | AI5: 1 | AJ5: 이 학회에 대하여 들어본 적이 있는가? | AK5: 만약 들어본 적이 없다면 등록할 때 조심해야함
C6: 여행기간 Trip Period | F6: 출국일자: Departure Date | I6: 46124 | M6: ~ | N6: 귀국일자: Rerutn Date | P6: 46128 | U6: 개최장소 [Venue] | W6: 국가명: Name of Country | Y6: 미국 | AD6: 도시명 Name of City | AF6: =IF($P$7="","",$P$7) -> 뉴욕
C7: 개최장소 Venue | F7: 국가명: Name of Country | I7: 미국 | N7: 도시명 Name of City | P7: 뉴욕 | S7: 참가자 Participant | U7: 소속 Organization | Z7: 직위 Position | AC7: 성명 Name | AF7: 전화번호 Tel | AI7: 2 | AJ7: 웹사이트와 e-mail 주소는 합법적으로 보이는가? | AK7: e-mail이 무료계정이거나 URL이 무료 웹사이트라면 의심스러운 학회일 수 있음
A8: 신청자 Applicant | C8: 소속 Organization | J8: 직위 Position | M8: 성명 Name | P8: 전화번호 Tel | U8: 대학(원) College(Graduate School) | W8: =IF($F$9="","",$F$9) | Z8: =IF($J$9="","",$J$9) -> 조교수 | AC8: =IF($M$9="","",$M$9) -> 홍길동 | AF8: 5199
C9: 대학(원) College(Graduate School) | J9: 조교수 | M9: 홍길동 | P9: 5199 | U9: 학과(부) Dept.(School) | W9: =IF($F$10="","",$F$10) | AI9: 3 | AJ9: 존경하는 나의 동료가 이 학회에서 발표한 적이 있는가? | AK9: 동료 등이 이 학회에 한번도 발표한 적이 없다면, 참석하기 전 두번 이상 고려할 것
C10: 학과(부) Dept.(School) | S10: 회의 참가 수행 사항 Participation Goals (Specify what to do during this conference on a daily basis) | V10: ■ 회의 일정
A11: 3개국 참여확인 Participating Countries | C11: 1) | G11: 2) | N11: 3) | V11: 46124 | X11: 한국 출발 | AI11: 4 | AJ11: 추최측이 아첨하는 e-mail을 보내는가? | AK11: 신뢰할 만한 학회는 생각을 공유하지만, 자부심을 치켜세우지 않음
A12: 참가역할 Participation Status | C12: 논문/포스터 발표 Presenter | F12: 좌장 및 기조연설자 Modulator or Keynoter | J12: 국제학회 임원회 참가 Official of International Scholarly Society | O12: 국제학술지 편집위원회 참가 Member of an Editing Committee under an International Academic Journal | V12: 46125 | X12: 학술대회 참석 후 수행 내용 기재
C13: 한국대표 South Korean Representative | F13: 토론자 Debater | I13: 초청받은 연주회, 전시회 참가(미대, 음대, 건축학과에 한함) Participating in invited concerts and exhibitions | V13: 46126 | X13: 학술대회 참석 후 수행 내용 기재 | AI13: 5 | AJ13: 주최측은 이 학회가 권위 있는 학술대회라고 주장하는가? | AK13: 주최측은 이 학회가 권위 있는 학술대회라고 주장하는가?
A14: 발표예정 논문명 Title of Thesis to be Presented | V14: 46127 | X14: 학술대회 참석 후 수행 내용 기재 | AI14: 6 | AJ14: 누가 이 학회를 주관하고 있는지 알고 있는가? | AK14: 우리가 알고 신뢰하는 전문적인 학술·과학기술협회나 단체에 의해 운영되지 않으면 조심할 것
A15: 참가경비내역 Participation Expense Details | C15: 구분 Section | E15: 항공료 Airfare | H15: 체 재 비 Staying Expense | O15: 1200 | P15: 등록비 Registration Fee | V15: 46128 | X15: 한국 도착 | AI15: 7 | AJ15: 주최자가 신속하게 논문 수락을 보증하는가? | AK15: 의심스러운 학회는 논문 초록에 대하여 짧은 의사 결정 시간을 보장함
C16: 소요금액 Amount Executed | H16: 일비 | I16: 40 | K16: X | L16: 5 | M16: =I16*L16 -> 200 | N16: = | O16: =IFERROR(ROUND(M16*$O$15,0),"") -> 240000 | V16: ■ 상세 수행 내용(발표논문명, 세션 좌장 등 구체적 내용 기입)
H17: 숙박비 | I17: 184 | K17: X | L17: 4 | M17: =I17*L17 -> 736 | O17: =IFERROR(ROUND(M17*$O$15,0),"") -> 883200 | V17: <별지작성가능> <Can be Presented as an attachment> | AI17: 8 | AJ17: 주최자는 학회 논문을 학술지에 게재할 것을 보장하는가? | AK17: 신뢰할 수 있는 학회는 동료평가 없이 논문 게재를 결코 보장하지 않음
H18: 식비 | I18: 140 | K18: X | L18: 5 | M18: =ROUNDDOWN(($I$18*$L$18)-(($I$18/3)*$I$19),0) -> 700 | O18: =IFERROR(ROUND(M18*$O$15,0),"") -> 840000
H19: (식대제공횟수) | I19: 0
C20: 신청금액 Amount Requested | E20: =E16 -> 0 | H20: =SUM(O16:O19) -> 1963200 | P20: =P16 -> 0 | AI20: 9 | AJ20: 학회가 리조트나 관광명소에서 열리는가? | AK20: 학회가 학문학적인 학회로 선전하는 것이 아니라 휴가로 선전한다면 약탈적인 학회일 수 있음
A21: 타기관 지원내역 Other organization support details | C21: 구분 Section | F21: 지원기관명 Name of Agency | L21: 금액 Amount | P21: 해당없음 N/A | AI21: 10 | AJ21: 이 학회가 사실이라고 보기에 너무 좋은가? | AK21: 사실이라고 보기에 너무 좋으면 약탈적인 학회일 가능성이 있으므로, 조언자와 상의할 것
C22: 항공료 Airfare
C23: 체재비 [Staying Expense] | AI23: <발췌: Avoiding Predatory Journals and Questionable Conference: A Resource Guide> (캘거리 대학, Sarah Elaine Eaton 교수 집필)
C24: 등록비 [Registration Fee]
A25: 위와 같이 국제학술회의에 참가하고자 하오니 참가경비를 지원하여 주시기 바랍니다. As stated above, I plan to atted an international Conference. Please allow me to receive this grant accordingly. | P25: 제출여부Submit | AI25: 해외 학술활동을 위하여 위의 유의사항을 점검하였음을 확인합니다.
P26: Y | Q26: N
A27: 붙 임: Attachments | B27: 1. 행사 프로그램 사본 1부 One copy of a program schedule ※3개국 참여 여부 확인 필수
B28: 2. 발표논문 사본 1부 One copy of a thesis to be presented | S28: 건의사항 Suggestion | V28: <별지작성가능> <Can be Presented as an attachment> | AI28: 서울대학교 대학(원) 학과(부) 직위: 성명: (인)
B29: 3. 논문발표 수락서 사본 1부 ※ 행사 프로그램에 발표자명이 기재되어 있으면 제출하지 않아도 됨 One copy of a thesis acceptance letter (Unnecessary when the name of thesis and presenter is specified in a program schedule)
B30: 4. 항공료 신청 시 항공료 청구서(사본) 1부 One copy of an airfare bill in case of application for air fare(duplicate)
B31: 5. 학회등록비 신청 시 송금영수증(카드영수증) 1부 One copy of a receipt for remittance(as for credit card) in case of application for registration fee
A32: 46083 | S32: 비고(붙임자료) Remarks(Attachments) | V32: ◎ 여권사본(출입국 확인 내용 포함, 전자여권일 경우 출입국사실증명원 첨부) 1부. One duplicate of a passport - including specific details of entry into and departure from a country - As for an electronic passport, a certificate of the facts concerning the entry and exit shall be attached hereto
A33: 신청자: | M33: =IF($M$9="","",$M$9) -> 홍길동
A34: 은행명 Bank Name | B34: 국민 | E34: 입금계좌번호 Deposit Account No. | O34: 예금주 Depositor | P34: =IF($M$9="","",$M$9) -> 홍길동

Sheet 2
A1: [서식2-1] | B1: 우수학술지 논문게재료 지원신청서 | P1: [서식2-2] | Q1: 논문 투고 학술지 평가 항목 | Z1: [서식2-3] | AA1: 논문게재비용 지원 확인서
A2: [Form2-1] | B2: A Grant Application for Thesis Publication through Leading Academic Journals | P2: 자체 보관용 | Z2: 자체 보관용
A3: 신청자 Applicant | C3: 소속 Organization | G3: 직위 Position | H3: 성명 Name | I3: 전화번호 Tel | P3: 연번 | Q3: 점검사항 | U3: O/X | V3: 주의 및 권장 사항 | Z3: 순번 | AA3: 신청자 | AD3: 구분 | AE3: 투고(예정)일 | AF3: 게재학술지명 | AG3: 인용색인 | AH3: ISSN | AI3: 지원액(천원)
C4: 대학(원) College(Graduate School) | G4: 교수 | H4: 홍길동 | I4: 5199 | P4: 1 | Q4: 이 학술지의 평판에 대해 잘 알고 있습니까? | V4: 부실 학술지의 경우 저명한 학술지와 매우 유사한 이름을 사용하여 연구자들을 혼란시키는 경우가 있음 다양한 학문 분야에 수많은 학술지를 편집하는 편집장이 있는 경우 부실 학술지의 가능성이 있음 | AA4: 대학(원) | AB4: 학과(부) | AC4: 성명
C5: 학과(부) Dept.(School) | Z5: 1 | AC5: 홍길동 | AD5: 게재료 | AE5: 46341 | AF5: IEEE Access | AG5: SCIE | AH5: 2169-3536 | AI5: 3220
A6: 게재학술지명/학술대회명 Journal Title/Conference Name | C6: IEEE Access | H6: ISSN | I6: 2169-3536 | P6: 2 | Q6: 이 학술지는 귀하가 이용하는 논문 검색 서비스에서 색인이 가능합니까? | V6: SCIE, KCI, SCOPUS 등 논문 검색서비스에 등록되어 있는지 확인 필요 * OA 저널의 경우 DOAJ(Directory of Open Access Journal), OASPA(Open Access Scholary Publishers’ Association) 리스트에 포함되어 있는지 확인 | Z6: 2
A7: 인용색인 Abstracting and Indexing | C7: SCI(E) | D7: SSCI | E7: A&HCI | F7: SCOPUS | G7: 해외공동 저술논문 | I7: 참여구분 | Z7: 3
I8: 제1저자 | J8: 교신저자 | P8: 3 | Q8: 이전에 이 학술지에서 발표된 논문을 읽어본 적이 있습니까? | V8: 해당 학술지에서 발표된 논문을 읽어본 적이 없다면 투고 전 동료·조언자와 상의할 필요가 있음 | Z8: ※ 부실의심 학술지에 대한 판단은 각 대학 및 학부의 기준에 따름
P9: 4 | Q9: 이 학술지는 귀하의 연구성과 발표에 적합한 학술지입니까? | V9: 부실 추정 학술지의 경우 특정 학문 분야가 아닌 다양한 학문 분야의 논문을 게재하는 경우가 있음 | Z9: 46127
A10: 논문명 Thesis Title | P10: 5 | Q10: 출판사 연락처 등 관련 정보에 쉽게 접근할 수 있습니까? | V10: 부실 추정 학술지의 경우 운영진(편집부 등)의 정보가 불투명한 경우가 많음 | Z10: 상기 학술지는 지원에 문제가 없음을 확인하였습니다.
A11: 신 청 액 Amount Requested | P11: 6 | Q11: 동료 평가와 그 절차를 명시하고 있습니까? | V11: 동료평가와 그 절차를 규정하지 않거나, 형식적인 동료심사와 절차를 보장하는 경우 부실 학술지의 가능성이 있음 | Z11: 공과대학(장) (직인)
A12: 구분 | C12: 외 화 Foreign Currency | F12: 원 화 KRW | I12: 환 율 Exchange Rate
A13: 게재료 Publication Fee | C13: 1200 | F13: =C13*$I$13 -> 1440000 | I13: 1200 | P13: 7 | Q13: 귀하의 논문 심사를 적절하게 진행할 것으로 판단됩니까? | V13: 게재를 보장(Guarantee)하거나 짧은 기간 내에 심사가 이루어진다고 선전한다면 부실 학술지의 확률이 높음
A14: Open Access 비용 | F14: =C14*$I$13 -> 0 | P14: 8 | Q14: 어떤 비용을 청구할 것인지(또는 비용이 면제되는지) 명시하고 있습니까? | V14: 부실 학술지의 경우 논문심사료, 게재료가 명시되지 않고 논문 투고 후 또는 저작권 이양 후 과다한 논문 게재료 또는 심사료를 요구하는 경우가 있음
A15: 번역료 Translation Fee | F15: =C15*$I$13 -> 0 | P15: 9 | Q15: 제출한 논문은 서울대가 추구하는 학문적 가치(수월성, 창의성, 사회적 영향력 등)에 부합하는 것으로 판단됩니까? | V15: 학교의 위상 향상을 위하여 학문 분야별 Q1이상의 학술지에 투고할 것을 권장합니다.
A16: 외국어 교정료 Proofreading Fee | F16: =C16*$I$13 -> 0 | P16: ※ 상기 체크리스트 답변 중 소명이 필요하다고 판단되는 경우 소명서 제출 가능 ※ 부실의심 학술지에 대한 판단은 각 대학 및 학부의 기준에 따름
A17: 투고료 Submission Fee | F17: =C17*$I$13 -> 0 | P17: 46127
A18: 컨퍼런스 프로시딩 비용 Conference Proceeding Fee | F18: =C18*$I$13 -> 0 | P18: 학술지에 논문 투고 이전에 위의 유의사항을 점검하였음을 확인합니다.
A19: 우수 국제학술대회 발표 비용 Conference Presentation Fee | F19: =C19*$I$13 -> 0 | P19: 서울대학교 ㅇㅇ학과 직위 : 성명 : (인)
A20: 수수료 Remittance Charge | F20: =C20*$I$13 -> 0
A21: 계 Total | C21: =SUM(C13:E20) -> 1200 | F21: =SUM(F13:H20) -> 1440000
A22: 위와 같이 논문게재료를 지원하여 주시기 바랍니다. As stated above, I apply for this thesis publication grant. | I22: 제출여부Submit
I23: Y | J23: N
A24: 붙 임: Attachments | B24: 1. 청구서Invoice
B25: 2. 영수증(카드 또는 외화송금영수증)Receipt (card or bank transfer receipt)
B26: 3. 게재 및 발표 논문 사본Copy of publication paper
B27: 4. 게재예정확인서Confirmation letter to be published (게재료, Open Access 비용 신청 시에만 제출) ※ 게재 완료 논문은 제출하지 않아도 됨
A28: 46127
G29: 신청자: | H29: =IF($H$4="","",$H$4) -> 홍길동
A30: 은행명 Bank Name | D30: 입금계좌번호 Deposit Account No. | H30: 예금주 Depositor | I30: 홍길동

Sheet 3
A1: [서식3-1] | B1: 예술계열 공연·전시 지원 신청서(음대) | L1: [서식3-2] | M1: 예술계열 공연·전시 지원 신청서(미대)
A2: [Form3-1] | B2: A Grant Application for Art and Music Affiliation's Performances and Exhibitions | L2: [Form3-2] | M2: A Grant Application for Art and Music Affiliation's Performances and Exhibitions
A4: 신청자 Applicant | C4: 소속 Organization | G4: 직위 Position | H4: 성명 Name | J4: 전화번호 Tel. | L4: 신청자 Applicant | N4: 소속 Organization | R4: 직위 Position | S4: 성명 Name | U4: 전화번호 Tel.
C5: 대학(원) College(Graduate School) | E5: 음악대학 | G5: 교수 | H5: 홍길동 | J5: 5199 | N5: 대학(원) College(Graduate School) | P5: 미술대학 | R5: 교수 | S5: 홍길동 | U5: 5199
C6: 학과(부) Dept.(School) | N6: 학과(부) Dept.(School)
A7: 신청 구분 Category | C7: 독창회 또는 독주회 Solo Recital | E7: 연주회 전 프로그램 지휘 Conducting the Entire Program of the Concert | G7: 오페라 주역, 연출, 지휘 A Leading Role, Director, Conductor in Opera | I7: 작곡가단체의 작품발표회 등 Presentation of Works in Composer's Organization, etc. | L7: 신청 구분 Category | N7: 개인전 Individual Exhibition | P7: 국제기획 초대전 International Planning Invitation Exhibit | R7: 공인된 공모전 1순위 수상 1st Prize Contest | T7: 공인된 공공작품/디자인/그밖의 연구 성과물 단독/책임연구 Certified Public Works, Design, etc.
A9: 공연 기간 | C9: 시작일자 | E9: 46091 | G9: 종료일자 | I9: 46096 | L9: 전시 기간 | N9: 시작일자 | P9: 46091 | R9: 종료일자 | T9: 46096
A10: 신 청 액 Amount Requested | L10: 신 청 액 Amount Requested
A11: 구분 Category | F11: 금액(원) KRW | L11: 구분 Category | Q11: 금액(원) KRW
A12: 공연장 시설 대관료 Rental Fee for the Facilities of the Hall | F12: 4000000 | L12: 공간 대여료 Space Rental Fee | Q12: 4000000
A13: 연주용 악기 사용료 및 조율비 Fees for the use of musical instruments and coordination fees | F13: 0 | L13: 장비구입 및 사용료(작품운반 및 설치 비용) Equipment Purchase Fee(Carrying and Installing Fee) | Q13: 0
A14: 음향·조명·녹화 및 녹음 설비 사용료 Fees for use of sound, lighting, recording and recording equipment | F14: 0 | L14: 도록 제작비 Production Cost of a Book | Q14: 0
A15: 계 Total | F15: =SUM(F12:J14) -> 4000000 | L15: 계 Total | Q15: =SUM(Q12:U14) -> 4000000
A16: 위와 같이 예술계열 지원금을 지원하여 주시기 바랍니다. As stated above, I apply for this grant | I16: 제출여부 Submit | L16: 위와 같이 예술계열 지원금을 지원하여 주시기 바랍니다. As stated above, I apply for this grant | T16: 제출여부 Submit
I17: Y | J17: N | T17: Y | U17: N
A18: 붙 임 Attachments | B18: 1. 청구서 Invoice | L18: 붙 임 Attachments | M18: 1. 청구서 Invoice
B19: 2. 결제 영수증 Receipt | M19: 2. 결제 영수증 Receipt
B20: 3. 공연 진행 증빙자료(브로셔 등) A Copy of Program Schedule(Brochure, etc.) | M20: 3. 전시 진행 증빙자료(브로셔 등) A Copy of Program Schedule(Brochure, etc.)
A21: 46127 | L21: 46127
A22: 은행명 Bank Name | B22: 국민 | D22: 입금계좌번호 Deposit Account No. | H22: 예금주 Depositor | I22: =IF($H$5="","",$H$5) -> 홍길동 | L22: 은행명 Bank Name | M22: 국민 | O22: 입금계좌번호 Deposit Account No. | S22: 예금주 Depositor | T22: =IF($H$5="","",$H$5) -> 홍길동

Sheet 4
A1: [서식4-1] | B1: 국제·국내(학제간)학술회의 개최경비 지원신청서 | M1: [서식4-2] | N1: 국제·국내(학제간)학술회의 개최 계획서 | AA1: [서식4-3] | AC1: 국제·국내(학제간)학술회의 참가(예정)자 명단 | AP1: [서식4-4] | AR1: 국제·국내(학제간)학술회의 개최경비 사용계획서
A2: [Form4-1] | B2: A Grant Application for Holding International&Domestic(Interdisciplinary) Conference | M2: [Form4-2] | N2: A Plan for Holding International & Domestic(Interdisciplinary) Conference | AA2: [Form4-3] | AC2: A List of(Expected) Participants in International&Domestic(Interdisciplinary) Conference | AP2: [Form4-4] | AR2: A Plan for Using Grants for Holding International&Domestic(Interdisciplinary) Conference
A3: 신청기관 | C3: 인문대학 국어국문학과 | H3: 구분 | I3: 유형Ⅰ | J3: 유형Ⅱ | K3: 유형Ⅲ | M3: 학술회의명 Conference Name | O3: 국문: Korean | P3: =IF($D$6="","",$D$6) | AA3: Ⅰ. 국내 참가자(발표자, 좌장, 토론자에 한함Domestic Participants(Limited to Presenter, Modulator and debater) | AP3: Ⅰ. 연구처 지원액 사용계획Research Teams’s Plan for Using a Grant
O4: 영문: English | P4: =IF($D$7="","",$D$7) | AA4: No. | AB4: 전공분야 Discipline | AE4: 소속 Organization | AH4: 직위 Position | AJ4: 성명 Name | AL4: 역할 Role | AN4: 비고 Remarks | AP4: No. | AQ4: 항목Item | AW4: 예산액Budget | AY4: 산출내역 Calculation Details
M5: 주최기관 Lead Agency | O5: =IF($C$8="","",$C$8) -> 인문대학 국어국문학과
A6: 학술회의명 Conference Name | C6: 국문 Korean | AA6: 1 | AP6: 1
C7: 영문 English | M7: 개최기간 Conference Period | O7: =IF($C$13="","",$C$13) -> 46150 | Q7: ~ | R7: =IF($F$13="","",$F$13) -> 46152 | T7: 개최 장소 Venue | U7: =IF($I$13="","",$I$13) | AA7: 2 | AP7: 2
A8: 주최기관 Lead Agency | C8: 인문대학 국어국문학과 | M8: 발표예정 인원수 Expected Number of Presenter | O8: 외국인/( | Q8: )계열 | R8: 내국인/( | T8: )계열 | U8: 참가예정 인원수 Expected Number of Participant | V8: 외국인Foreigner | X8: 내국인Native | AA8: 3 | AP8: 3
O9: Foreigner/( | Q9: )Discipline | R9: Native/( | T9: )Discipline | V9: 국가수 Number of National | W9: 인원수 Number of Person | X9: 교수 Professor | Y9: 학생 Student
A10: 책임교수 Professor in Charge | C10: 소속 Organization | G10: 직위 Position | H10: 성명 Name | J10: 전화번호 Tel | AA10: 4 | AP10: 4
C11: 대학(원) College(Graduate School) | G11: 교수 | H11: 홍길동 | J11: 5199
C12: 학과(부) Dept.(School) | M12: 개최목적 및 필요성 Goal&Necessity | O12: <별지작성가능> <Can be Presented as an attachment> | AA12: 5 | AP12: 5
A13: 개최기간 Conference Period | C13: 46150 | E13: ~ | F13: 46152 | H13: 개최장소 Venue | AA13: 6 | AP13: 6
A14: 총 소요경비 Total Expenses | G14: 신청금액 Amount Requested | M14: 회의 주제 및 내용 Theme&Contents | O14: <별지작성가능> <Can be Presented as an attachment> | AA14: 7 | AP14: 계 Total | AW14: =SUM(AW6:AX9) -> 0
A15: 위와 같이 국제·국내(학제간)학술회의 개최경비를 지원하여 주시기 바랍니다. As stated above, I apply for a grant for holding International&Domestic(Interdisciplinary) Conferences. | J15: 제출여부Submit | AA15: Ⅱ. 외국인 참가자(발표자, 좌장, 토론자에 한함Foreign Participants(Limited to Presenter, Modulator and debater) | AP15: Ⅱ. 자체조달경비 내역 및 경비사용계획Self-financing Details&Appropriation Plan
J16: Y | K16: N | AA16: No. | AB16: 전공분야 Discipline | AE16: 소속 Organization | AH16: 직위 Position | AJ16: 성명 Name | AL16: 역할 Role | AN16: 국적 Nationality | AP16: No. | AQ16: 항목Item | AW16: 예산액Budget | AY16: 산출내역 Calculation Details
A17: 붙 임: Attachments | B17: 1. 국제·국내(학제간)학술회의 개최 계획서[서식4-2] 1부 One copy of A Plan for Holding International&Domestic(Interdisciplinary) Conference[Form 4-2] | M17: 주요 행사 일정 Schedule of Key Events | O17: <별지작성가능> <Can be Presented as an attachment> | AA17: 1 | AP17: 1
B18: 2. 국제·국내(학제간)학술회의 참가(예정)자 명단[서식4-3] 1부 One copy of A List of(Expected) Participants in International&Domestic(Interdisciplinary) Conference[Form 4-3] | AA18: 2 | AP18: 2
B19: 3. 국제·국내(학제간)학술회의 개최경비 사용계획서[서식4-4] 1부. One copy of A Plan for Using Grants for Holding in International&Domestic(Interdisciplinary) Conference[Form 4-4] | AA19: 3 | AP19: 3
A20: 46127 | M20: 개최결과 활용계획 Plan for Utilization of Conference Results | O20: <별지작성가능> <Can be Presented as an attachment> | AA20: 4 | AP20: 4
A21: 신청자: Applicant | G21: =IF($H$11="","",$H$11) -> 홍길동 | K21: (인) (Signature)
AA22: 5 | AP22: 5
A23: 기관장: Head of Organization | K23: (인) (Signature) | M23: 총 소요예산 및 조달방안 Total Budget&Funding Methods | Q23: 외부지원액 Outside Grant | T23: 자체부담액 Self-Financing | W23: 연구처 지원요구액 Amount Requested | AA23: 6 | AP23: 6
M24: =SUM(Q24:Y25) -> 0 | W24: =IF($I$14="","",$I$14) | AA24: 7 | AP24: 계 Total | AW24: =SUM(AW17:AX23) -> 0

Sheet 5
A1: [서식4-5] | B1: 국제·국내(학제간)학술회의 개최 결과보고서 | M1: [서식4-6] | O1: 국제·국내(학제간)학술회의 지원금 정산서
A2: [Form4-5] | B2: An Outcome Report on Holding International&Domestic(Interdisciplinary) Conference | M2: [Form4-6] | O2: A Statement of Accounts of Grants for Holding International&Domestic(Interdisciplinary) Conferences
A3: 학술회의명 Conference Name | C3: 국문: Korean | M3: 개최경비 Total Expenses | O3: =SUM(P6:T7) -> 0 | P3: 재원 Finances
P4: 연구처지원금 Grant for Research Team | Q4: 외부지원금 Outside Grant | R4: 자체부담 Self-financing | S4: 기타 Etc.
C5: 영문: English
A7: 주최기관 Lead Agency
A9: 개최기간 Conference Period | E9: ~ | H9: 개최장소 Venue | M9: 연구처지원금 Grant for Research Team | P9: 집행액 Amount Executed | R9: 잔액 Remainder
A10: 책임교수 Professor in Charge | C10: 소속 Organization | G10: 직위 Position | H10: 성명 Name | J10: 전화번호 Tel | R10: =M10-P10 -> 0
C11: 대학(원) College(Graduate School) | E11: =IF('4'!$E$11="","",'4'!$E$11) | G11: =IF('4'!$G$11="","",'4'!$G$11) -> 교수 | H11: =IF('4'!$H$11="","",'4'!$H$11) -> 홍길동 | J11: =IF('4'!$J$11="","",'4'!$J$11) -> 5199
C12: 학과(부) Dept.(School) | E12: =IF('4'!$E$12="","",'4'!$E$12) | M12: NO | N12: 항목 Item | P12: 집행액 Amount Executed | Q12: 집행내역 Execution Details | S12: 비고 Remarks
A13: 참가인원수 Number of Participant | C13: 외국인 Foreigner | E13: 내국인Native | I13: 계 Total | M13: 1
E14: 교수 Professor | G14: 학생 Student | M14: 2
I15: =SUM(C15:H15) -> 0 | M15: 3
A16: 자체평가분석 Self-Evaluation | C16: <별지작성가능> <Can be Presented as an attachment> | M16: 4
M17: 5
M18: 6
A19: 활용방안 Plan for Utilization of Conference Results | C19: <별지작성가능> <Can be Presented as an attachment> | M19: 7
M20: 8
M21: 9
A22: 건의사항 Suggestion | C22: <별지작성가능> <Can be Presented as an attachment> | M22: 10
M23: 계Total | P23: =SUM(P13:P22) -> 0
A24: 비고(붙임자료) Remarks(Attachments) | C24: 1.국제·국내(학제간)학술회의 진행 프로그램 및 논문집 1부. Each one copy of a program schedule of International&Domestic(Interdisciplinary) Conferences and of a collection of theses 2.국제·국내(학제간)학술회의 개최경비 지원금 정산서[서식4-6] 1부. A copy of A Statement of Accounts of Grants for Holding International&Domestic(Interdisciplinary) Conferences [Form 4-6] | M24: ※ 영수증은 자체보관(책임교수의 소속기관 행정실) Receipts to be dept by each research team(each organizations’s administration office)
M25: 46127
Q26: 책임교수: Professor in Charge | R26: =IF($H$11="","",$H$11) -> 홍길동 | T26: (인) (Signature)

Sheet 6
A1: [서식5-1] | B1: 외국인 저명학자 초청경비 지원신청서 | P1: [서식5-2] | S1: 외국인 저명학자 초청활용 계획서
A2: [Form5-1] | B2: A Grant Application for Inviting&Utilizing Prestigious Foreign Scholar | P2: [Form5-2] | S2: A Plan for Inviting & Utilizing Prestigious Foreign Scholar
A3: 초청자 Inviter | C3: 소속 Organization | H3: 직위 Position | I3: 성명 Name | L3: 전화번호 Tel | P3: Ⅰ. 개요 Outline
C4: 대학(원) College(Graduate School) | P4: 목적 및 필요성 Purpose&Necessity | S4: <별지작성가능> <Can be Presented as an attachment>
C5: 학과(부) Dept.(School)
A6: 외국인 저명학자 인적사항 | C6: 소속 Organization | K6: 직위 Position | P6: 초청학자의 전공분야와 관련된 학계 동향 Current Academic Trends in Invitee’s Major Discipline | S6: <별지작성가능> <Can be Presented as an attachment>
C7: 성명 Name | H7: 성별 Gender | K7: 국적 Nationaility
C8: 연락처 Contact Information | E8: 전화번호 Tel. | I8: E-mail
A9: 분야 Discipline | H9: 세부분야 Sub-Discipline | P9: 활용 세부일정 (일정별 명기) Specific Utilization Schedule | S9: <별지작성가능> <Can be Presented as an attachment>
A10: 초청기간 Invitation Period | L10: ="("&IF(COUNT($C$10,H$10)=2,$H$10-$C$10)&"박 "&IF(COUNT($C$10,$H$10)=2,$H$10-$C$10)+1&"일)" -> (FALSE박 1일)
A11: 국제적인 저명도를 평가할 수 있는 객관적인 근거 (구체적으로 기술) Objective Grounds for Evaluation of Global Reputation (Specific Description) | C11: <별지작성가능> <Can be Presented as an attachment>
P12: 활용계획 및 기대효과 Utilization Plan & Expected Effects | S12: <별지작성가능> <Can be Presented as an attachment>
P15: Ⅱ. 초청학자 약력 Invited Scholar Biography 1.학력Education
P16: NO | Q16: 기간 Period | T16: 학교명 School Name | U16: 전공 및 학위 Major&Degree
A17: 신청경비 Amount Requested (단위:원) | C17: 항공료 | E17: 체재비 Airfare | H17: 강연료 Staying Expense | K17: 기타비용 | M17: 계 | P17: 1
F18: X | G18: =IF(COUNT($C$10,$H$10)=2,$H$10-$C$10)+1 -> 1 | I18: X | J18: 1 | K18: 회의비 | M18: =IFERROR($C$18+$E$20+$H$20+SUM($L$18:$L$21),"") -> 0 | P18: 2
K19: 장소대관
E20: =IFERROR(E18*G18,"") -> 0 | H20: =IFERROR(H18*J18,"") -> 0 | K20: 통역·번역 | P20: 3
K21: 자료(인쇄)
A22: 후원기관 및 경비지원여부 Sponsoring Agency & Receipt of Grant or Not | P22: 4
P23: 5
P24: 6
A25: 위와 같이 외국인 저명학자를 초청하여 활용하고자 하오니 지원하여 주시기 바랍니다. As stated above, I plan to invite and utilize a prestigious foreign scholar, thus please allow me to receive this invitation grant | M25: 제출여부Submit | P25: 2.경력Experience
M26: Y | N26: N | P26: NO | Q26: 기간 Period | T26: 기관명 Organization Name | U26: 직위 Position | V26: 담당업무 Task
A27: 붙 임: Attachments | B27: 1. 외국인 저명학자 초청활용 계획서[서식5-2] 1부 One copy of A Plan for Inviting&Utilizing Prestigious Foreign Scholar[Form 5-2] | P27: 1
P28: 2
B29: 2. 초청 수락서 1부(영어 외 기타 언어의 경우 번역문 필수 제출) One copy of invitation acceptance letter
P30: 3
A31: 46127 | P31: 4
A32: 신청자: Applicant | G32: =IF($I$4="","",$I$4) | M32: (인) (Signature) | P32: 5
P33: 6
P34: 7

Sheet 7
A1: [서식5-3] | B1: 외국인 저명학자 초청활용 결과보고서 | P1: [서식5-4] | R1: 외국인 저명학자 초청경비 지원금 정산서
A2: [Form5-3] | B2: An Outcome Report on Inviting&Utilizing Prestigious Foreign Scholar | P2: [Form5-4] | R2: A Statement of Accounts of Grants for Inviting Prestigious Foreign Scholar
A3: 초청자 Inviter | C3: 소속 Organization | H3: 직위 Position | I3: 성명 Name | L3: 전화번호 Tel | P3: 초청비용 Total Expenses | R3: =SUM(S6:W7) -> 0 | S3: 재원 Finances
C4: 대학(원) College(Graduate School) | E4: =IF('6'!$E$4="","",'6'!$E$4) | H4: =IF('6'!$H$4="","",'6'!$H$4) | I4: =IF('6'!$J$4="","",'6'!$J$4) | L4: =IF('6'!$L$4="","",'6'!$L$4) | S4: 연구처지원금 Grant for Research Team | T4: 외부지원금 Outside Grant | U4: 자체부담 Self-financing | V4: 기타 Etc.
C5: 학과(부) Dept.(School) | E5: =IF('6'!$E$5="","",'6'!$E$5)
A6: 외국인 저명학자 인적사항 | C6: 소속 Organization | E6: =IF('6'!$E$6="","",'6'!$E$6) | K6: 직위 Position | L6: =IF('6'!$L$6="","",'6'!$L$6)
C7: 성명 Name | E7: =IF('6'!$E$7="","",'6'!$E$7) | H7: 성별 Gender | I7: =IF('6'!$I$7="","",'6'!$I$7) | K7: 국적 Nationaility | L7: =IF('6'!$L$7="","",'6'!$L$7)
C8: 연락처 Contact Information | E8: 전화번호 Tel. | F8: =IF('6'!$F$8="","",'6'!$F$8) | I8: E-mail | K8: =IF('6'!$K$8="","",'6'!$K$8)
P9: 연구처지원금 Grant for Research Team | S9: 집행액 Amount Executed | U9: 잔액 Remainder
A10: 분야 Discipline | C10: =IF('6'!$C$9="","",'6'!$C$9) | H10: 세부분야 Sub-Discipline | K10: =IF('6'!$K$9="","",'6'!$K$9)
A11: 초청기간 Invitation Period | C11: =IF('6'!$C$10="","",'6'!$C$10) | G11: ~ | H11: =IF('6'!$H$10="","",'6'!$H$10) | L11: ="("&IF(COUNT($C$11,$H$11)=2,$H$11-$C$11)&"박 "&IF(COUNT($C$11,$H$11)=2,$H$11-$C$11)+1&"일)" -> (FALSE박 1일) | U11: =P11-S11 -> 0
A12: 활용세부일정 <별지작성가능> Detailed Schedule <Can be Presented as an attachment> | C12: 일자 Date | F12: 내용 Contents | M12: 비고 Remarks
P13: NO | Q13: 항목 Item | S13: 집행액 Amount Executed | T13: 집행내역 Execution Details | V13: 비고 Remarks
P14: 1
P15: 2
P16: 3
P17: 4
P18: 5
P19: 6
A20: 자체평가분석 Self-Evaluation | C20: <별지작성가능> <Can be Presented as an attachment> | P20: 7
P21: 8
A22: 기대효과 Expected Effects | C22: <별지작성가능> <Can be Presented as an attachment> | P22: 10
P23: 11
P24: 12
A25: 특기사항 Special Features | C25: <별지작성가능> <Can be Presented as an attachment> | P25: 13
P26: 계Total | S26: =SUM(S14:S25) -> 0
P27: ※ 영수증은 자체보관(책임교수의 소속기관 행정실) Receipts to be dept by each research team(each organizations’s administration office)
A28: 건의사항 Suggestion | C28: <별지작성가능> <Can be Presented as an attachment>
P29: 46127
A30: 비고(붙임자료) Remarks(Attachments) | C30: 1.외국인 저명학자 초청 자료(발표자료, 사진 등) 1부 Submission of materials for inviting prestigious foreign scholar(presentation materials, photos, etc.) 2.외국인 저명학자 초청경비 지원금 정산서[서식5-4] 1부 A copy of a statement of accounts of grants for inviting prestigious foreign scholar(From 5-4)
T31: 책임교수: Professor in Charge | W31: (인) (Signature)

Sheet 8
A1: [서식6-1] | B1: 회 의 비 집 행 내 역 서
A3: 책임교수 Professor in Charge | B3: 소속 Organization | E3: 직위 Position | F3: 성명 Name
B4: 대학(원) College(Graduate School)
B5: 학과(부) Dept.(School)
A6: 회의일자 | C6: 회의장소 | F6: 집행액
A7: 회의목적 및 회의내용
A8: 참 석 자 명 단
A9: 소속 Organization | B9: 직위 Position | C9: 성명 Name | E9: 소속 | F9: 직위 Position | G9: 성명 Name
A21: ※ 회의비 관련 1. 희의비는 「서울대학교 산학협력단 간접비 세출예산집행 기준」을 준수하여 집행 2. 회의비+다과 포함하여 회의비 단가 적용 3. 원거리 회의일 경우 사전 품의 필수

Sheet 9
A1: [서식6-2] | B1: 전문가 활용 내역서
A3: 책임교수 Professor in Charge | B3: 소속 Organization | E3: 직위 Position | G3: 성명 Name
B4: 대학(원) College(Graduate School) | J4: (인) Signature
B5: 학과(부) Dept.(School)
A6: 활용일자 Date of Consultation/Seminar | C6: ~ | F6: 활용장소
A7: 전문가 정보 | B7: 소속 Organization | E7: 직위 Position | F7: 전임교원 이상 | H7: 국적 Nationaility
B9: 성명 Name | E9: 주민등록번호 (여권번호)
B10: 전화번호 Tel | F10: E-mail.
A11: 활용내역
A12: 산출내역 | B12: 전문가활용 | C12: 0.55555556 | E12: ~ | F12: 0.72222222 | H12: = | I12: =F12-C12 -> 0.16666667
B13: 세미나 강사 | C13: 46115 | E13: ~ | F13: 46117 | H13: = | I13: =F13-C13+1 -> 3
A14: 지급내역 (단위:원) | B14: 전문가 활용비(A) | E14: 항공료(교통비)(C) | I14: 총계 (E=A+B+C+D)
B15: 세미나 강사료 (B) | E15: 체제비(일비·식비)
E16: 체제비(숙박비) | I16: =$C$14+$C$15+$G$14+$G$17 -> 0
E17: 체재비 계(D) | G17: =SUM(G15:H16) -> 0
B18: 계좌정보 | C18: 예금주 | F18: 계좌번호 | I18: 은행
A19: 개인정보 동의여부 | B19: < 개인정보 수집·이용 동의 Personal information collection/utilization agreement > ▶ 서울대학교 산학협력단에서는 연구관리 용도로 개인정보(고유식별정보 포함)를 보유하고 있습니다. SNU R&D foundation is retaining your personal information (including personal identification number) for research management purposes. ▪ 필수정보 : 성명, 소속, 직위, 계좌번호, 주민등록번호(고유식별정보), 국적, 전화, 이메일 Essential information: name, affiliation, position, account number, personal identification number, nationality, phone number, E-mail. ▪ 보유목적: 인건비 및 수당 지급, 세무신고, 경력증명서 발급 등 연구관리 제반사항 Purpose of the information retaining: research management related affairs including payment of the personnel expenses and incentive, tax affairs report, career certificate issuance. < 개인정보의 제3자 제공 Provision of the personal information to a third party > ▶ 서울대학교 산학협력단은 원칙적으로 이용자의 개인정보를 개인정보의 수집·이용 목적에서 명시한 범위 내에서 처리하며, 이용자의 사전 동의 없이는 본래의 범위를 초과하여 처리하거나 제3자에게 제공하지 않습니다. 단, 다음의 경우에는 개인정보를 제공할 수 있습니다. ▶ SNU R&D foundation is treating the personal information in accordance with <purpose of the personal information collection/utilization>, and does not provide the personal information to a third party without the prior consent of the user. However, the information can be provided to a third party in case of the following. ▪ 이용자가 사전에 제3자 제공 및 공개에 동의한 경우 The user have agreed the provision of information to a third party beforehand. ▪ 법령 등에 의해 제공이 요구되는 경우 The provision is required by the legislation. ▪ 서비스의 제공에 관한 계약의 이행을 위하여 필요한 개인정보로서 경제적/기술적인 사유로 통상의 동의를 받는 것이 현저히 곤란한 경우 Receiving an agreement is significantly difficult due to economical/technical reasons, during the fulfillment of a contract about the provision of services. ▪ 통계작성 및 학술연구 등의 목적을 위하여 필요한 경우로서 특정 개인을 알아 볼 수 없는 형태로 개인정보를 제공하는 경우 The provision of information is required anonymously, during the purpose of statistics producing or academic research.
A20: 현금지급 시 (외국인만 가능) | B20: 현금지급 사유 Reason | H20: 현금지급 및 수령 동의 | J20: (인) Signature
